 Dungeon Crawl Stone Soup version 0.28-a0-172-g787e458d71 (webtiles) character file.

Game seed: 12397004668596691459

540290 wakim the Ruinous (level 25, -3/145 HPs)
             Began as a Deep Elf Conjurer on Aug 16, 2021.
             Was the Champion of Vehumet.
             Killed by the air
             ... invoked by a titan
              (10 damage)
             ... on level 5 of the Vaults on Aug 17, 2021.
             The game lasted 05:07:45 (70297 turns).

wakim the Ruinous (Deep Elf Conjurer)              Turns: 70297, Time: 05:07:46

Health: -3/145     AC: 23    Str: 12    XL:     25   Next: 23%
Magic:  37/49      EV: 18    Int: 34    God:    Vehumet [******]
Gold:   3137       SH:  0    Dex: 21    Spells: 10/65 levels left

rFire   + + +      SeeInvis +   a - +8 trident of the Octopus King {venom, rElec rPois Will+}
rCold   + + +      Faith    .   (no shield)
rNeg    + + +      Spirit   .   n - +5 scale mail "Qumies" {rF++ rC++ Regen+}
rPois   +          Reflect  .   P - +1 helmet of the Ant {rC++ Dex+4}
rElec   +          Harm     .   L - +1 cloak {Will+}
rCorr   +          Rampage  .   h - +1 pair of gloves {Stlth+}
Will    ++++.                   u - +1 pair of boots
Stlth   ++........              q - amulet of magic regeneration
HPRegen 1.34/turn               i - ring "Afigyina" {rF+ rN+++ Str+6 SInv Stlth-}
MPRegen 0.56/turn               v - ring of Canuuke {rC+ rCorr Dex+4}

@: lethally poisoned (-3 -> -4), studying Ice Magic
A: no striking features
}: 2/15 runes: decaying, serpentine
a: Renounce Religion


You were on level 5 of the Vaults.
You worshipped Vehumet.
Vehumet was exalted by your worship.
You visited 9 branches of the dungeon, and saw 45 of its levels.
You also visited: Sewer, Ice Cave and Volcano.

You collected 7166 gold pieces.
You spent 4029 gold pieces at shops.

Inventory:

Hand Weapons
 a - the +8 trident of the Octopus King (weapon) {venom, rElec rPois Will+}
   (You acquired it on level 14 of the Dungeon)

   It poisons the flesh of those it strikes.
   rElec:     It insulates you from electricity.
   rPois:     It protects you from poison.
   Will:      It increases your willpower.
 d - the +4 great sword of Amorality {protect, *Noise rElec rPois Will+++}
   (You found it on level 2 of the Lair of Beasts)

   It grants its wielder temporary protection when it strikes (+7 to AC).
   rElec:     It insulates you from electricity.
   rPois:     It protects you from poison.
   *Noise:    It may make noises in combat.
   Will:      It greatly increases your willpower.
Missiles
 e - 2 throwing nets {=f!f}
Armour
 h - a +1 pair of gloves of stealth (worn)
 l - a +2 kite shield
 n - the +5 scale mail "Qumies" (worn) {rF++ rC++ Regen+}
   (You bought it in a shop on level 2 of the Orcish Mines)

   rF:        It greatly protects you from fire.
   rC:        It greatly protects you from cold.
   Regen:     It increases your rate of health regeneration.
 u - a +1 pair of boots (worn)
 L - a +1 cloak of willpower (worn)
 P - the +1 helmet of the Ant (worn) {rC++ Dex+4}
   (You bought it in a shop on level 1 of the Elven Halls)

   Dex:       It affects your dexterity (+4).
   rC:        It greatly protects you from cold.
Jewellery
 b - an amulet of the acrobat
 c - a ring of flight
 i - the ring "Afigyina" (left hand) {rF+ rN+++ Str+6 SInv Stlth-}
   (You acquired it on level 2 of the Orcish Mines)

   [ring of strength]

   Str:       It affects your strength (+6).
   rF:        It protects you from fire.
   rN:        It renders you almost immune to negative energy.
   SInv:      It lets you see invisible.
   Stlth:     It makes you less stealthy.
 j - the ring "Ecsats" {rF+ rN+}
   (You took it off a deep elf high priest on level 3 of the Elven Halls)

   [ring of positive energy]

   rF:        It protects you from fire.
   rN:        It protects you from negative energy.
 k - a ring of willpower
 q - an amulet of magic regeneration (around neck)
 v - the ring of Canuuke (right hand) {rC+ rCorr Dex+4}
   (You acquired it on level 4 of the Swamp)

   [ring of protection from cold]

   Dex:       It affects your dexterity (+4).
   rC:        It protects you from cold.
   rCorr:     It protects you from acid and corrosion.
 C - a ring of wizardry
 I - a +6 ring of intelligence
Wands
 t - a wand of digging (17)
 w - a wand of acid (16)
 x - a wand of charming (25)
 y - a wand of paralysis (27)
 Q - a wand of iceblast (48)
Scrolls
 f - 8 scrolls of amnesia
 g - 3 scrolls of enchant armour
 r - 28 scrolls of identify
 z - 3 scrolls of enchant weapon
 R - 5 scrolls of magic mapping {!r}
 S - a scroll of summoning
 T - 12 scrolls of teleportation
 U - 7 scrolls of fear
 W - a scroll of holy word
 X - 6 scrolls of fog
 Y - 7 scrolls of blinking {!r}
 Z - a scroll of silence {!r}
Potions
 p - a potion of invisibility
 A - 7 potions of ambrosia
 D - 4 potions of brilliance
 E - a potion of cancellation
 F - 8 potions of curing
 G - 16 potions of flight
 H - 2 potions of haste
 J - 4 potions of heal wounds
 K - a potion of magic
 N - 4 potions of might
 O - 2 potions of resistance
Miscellaneous
 m - a phantom mirror


   Skills:
 * Level 11.3 Fighting
 - Level 6.0 Long Blades
 * Level 9.8 Armour
 * Level 15.7 Dodging
 - Level 4.0 Stealth
 + Level 6.4 Shields
 - Level 20.6 Spellcasting
 - Level 21.9 Conjurations
 - Level 13.0 Translocations
 + Level 9.1 Transmutations
 - Level 21.5 Fire Magic
 - Level 12.0 Ice Magic
 - Level 6.0 Air Magic
 + Level 11.8 Poison Magic
 - Level 7.0 Evocations


You had 10 spell levels left.
You knew the following spells:

 Your Spells              Type           Power      Damage    Failure   Level
a - Olgreb's Toxic Radia  Pois           86%        N/A       1%          4
b - Ignite Poison         Fire/Tmut/Pois 92%        N/A       1%          3
c - Ignition              Fire           55%        3d15      1%          8
d - Orb of Destruction    Conj           55%        9d16      1%          7
e - Ozocubu's Armour      Ice            86%        N/A       1%          3
f - Dispersal             Tloc           44%        N/A       2%          6
g - Fire Storm            Conj/Fire      55%        8d14      13%         9
x - Poisonous Vapours     Pois/Air       100%       N/A       1%          2
y - Starburst             Conj/Fire      55%        6d15      1%          6
z - Freezing Cloud        Conj/Ice/Air   45%        6-21      1%          5
B - Blink                 Tloc           N/A        N/A       1%          2

Your spell library contained the following spells:

 Spells                   Type           Power      Damage    Failure   Level
 Chain Lightning          Conj/Air       46%        3d61      93%         9
 Polar Vortex             Ice            43%        N/A       99%         9
 Shatter                  Erth           17%        3d16*     100%        9
 Foxfire                  Conj/Fire      100%       2x1d9     0%          1
 Magic Dart               Conj           100%       1d8       0%          1
 Shock                    Conj/Air       100%       1d9       0%          1
 Searing Ray              Conj           100%       3d7       0%          2
 Static Discharge         Conj/Air       92%        N/A       0%          2
 Conjure Flame            Conj/Fire      100%       6-21      0%          3
 Sticky Flame             Conj/Fire      100%       2d11      0%          4
 Fireball                 Conj/Fire      55%        3d21      0%          5
 Beastly Appendage        Tmut           100%       N/A       1%          1
 Freeze                   Ice            100%       1d11      1%          1
 Sandblast                Erth           70%        2d15      1%          1
 Sting                    Tmut/Pois      100%       1d8       1%          1
 Corpse Rot               Necr/Air       N/A        N/A       1%          2
 Ensorcelled Hibernation  Hex/Ice        100%       N/A       1%          2
 Passwall                 Tmut/Erth      50%        N/A       1%          2
 Wereblood                Tmut           77%        N/A       1%          2
 Dazzling Flash           Conj/Hex       100%       N/A       1%          3
 Frozen Ramparts          Ice            100%       1d12      1%          3
 Gell's Gravitas          Tloc           44%        N/A       1%          3
 Lesser Beckoning         Tloc           44%        N/A       1%          3
 Mephitic Cloud           Conj/Pois/Air  90%        N/A       1%          3
 Portal Projectile        Hex/Tloc       100%       N/A       1%          3
 Spider Form              Tmut/Pois      41%        N/A       1%          3
 Stone Arrow              Conj/Erth      100%       3d13      1%          3
 Teleport Other           Tloc           89%        N/A       1%          3
 Fulminant Prism          Conj/Hex       41%        3d20      1%          4
 Hailstorm                Conj/Ice       100%       3d20      1%          4
 Ice Form                 Ice/Tmut       82%        N/A       1%          4
 Iskenderun's Mystic Bla  Conj/Tloc      100%       2d19      1%          4
 Passage of Golubria      Tloc           N/A        N/A       1%          4
 Bolt of Magma            Conj/Fire/Erth 46%        4d19      1%          5
 Lightning Bolt           Conj/Air       46%        1d66      1%          5
 Manifold Assault         Tloc           89%        N/A       1%          5
 Conjure Ball Lightning   Conj/Air       46%        3x3d16    1%          6
 Blade Hands              Tmut           38%        N/A       2%          5
 Summon Ice Beast         Ice/Summ       66%        N/A       3%          4
 Call Imp                 Summ           35%        N/A       5%          2
 Slow                     Hex            35%        N/A       5%          2
 Metabolic Englaciation   Hex/Ice        33%        N/A       9%          5
 Confusing Touch          Hex            35%        N/A       11%         3
 Vampiric Draining        Necr           17%        2d8       11%         3
 Lee's Rapid Deconstruct  Erth           17%        3d12*     24%         5
 Silence                  Hex/Air        26%        N/A       28%         5
 Animate Armour           Summ/Erth      70%        N/A       34%         4
 Animate Dead             Necr           17%        N/A       34%         4
 Leda's Liquefaction      Hex/Erth       17%        N/A       34%         4
 Simulacrum               Ice/Necr       33%        N/A       41%         6
 Lehudib's Crystal Spear  Conj/Erth      41%        10d10     50%         8
 Statue Form              Tmut/Erth      40%        N/A       63%         6
 Excruciating Wounds      Necr           17%        N/A       67%         5
 Maxwell's Capacitive Co  Air            33%        ∞         98%         8
 Shadow Creatures         Summ           N/A        N/A       99%         6
 Necromutation            Tmut/Necr      30%        N/A       100%        8
 Death's Door             Necr           17%        N/A       100%        9


Dungeon Overview and Level Annotations

Branches:
Dungeon (15/15)            Temple (1/1) D:6            Lair (6/6) D:8
  Swamp (4/4) Lair:3        Snake (4/4) Lair:4        Slime (0/5) Lair:5
    Orc (2/2) D:9             Elf (3/3) Orc:2        Vaults (5/5) D:13
  Crypt (0/3) Vaults:2     Depths (5/5) D:15            Zot (0/5) Depths:5
  Sewer (visited)           IceCv (visited)         Volcano (visited)

Altars:
Ashenzari
Cheibriados
Dithmenos
Elyvilon
Fedhas
Gozag
Hepliaklqana
Kikubaaqudgha
Makhleb
Nemelex Xobeh
Okawaru
Qazlal
Ru
Sif Muna
Trog
Uskayaw
Vehumet
Wu Jian
Xom
Yredelemnul
Zin
The Shining One

Shops:
D:1 ?   D:9 (   D:10 *   Orc:2 *([(**   Elf:1 [([*   Elf:2 *   Elf:3 (
Snake:2 *?   Vaults:1 *   Vaults:3 [   Vaults:4 (   Depths:4 [?(:!

Portals:
Hell: Depths:1 Depths:2 Depths:3 Depths:4 Depths:5
Abyss: Depths:1 Depths:4 Depths:5
Pandemonium: Depths:3
Ziggurat: Depths:2

Annotations:
Vaults:3 exclusion: door, Mennas
Vaults:5 Sojobo
Depths:4 1 runed translucent door, exclusion: orange crystal statue


Message History

The white very ugly thing closely misses you.
The tengu reaver points at you and mumbles some strange words.
The bolt of acid hits you! You resist.
* * * LOW HITPOINT WARNING * * *
You are splashed with acid.
You resist.
* * * LOW HITPOINT WARNING * * *
Sojobo, Queen of Tengu comes into view.
She is wielding a +1 great sword of electrocution and wearing a +0 scale mail of poison resistance.
The tentacled monstrosity's grasp on you weakens, but your attempt to escape fails.
You feel very sick.
The tentacled monstrosity tentacle-slaps you.
* * * LOW HITPOINT WARNING * * *
The tentacled monstrosity tentacle-slaps you but does no damage. x2
The tentacled monstrosity constricts you.
* * * LOW HITPOINT WARNING * * *
The titan casts a spell.
The titan is healed somewhat.
The hell knight hits you from afar with a +4 glaive!
* * * LOW HITPOINT WARNING * * *
The ironbound preserver hits you from afar with a +0 halberd.
* * * LOW HITPOINT WARNING * * *
The white very ugly thing claws you but does no damage.
The fire giant hits you but does no damage.
Okay, then.
Casting: Ignition (dangerous; 1% risk of failure)
Confirm with . or Enter, or press ? or * to list all spells.
Okay, then.
Casting: Ignition (dangerous; 1% risk of failure)
Confirm with . or Enter, or press ? or * to list all spells.
The titan blinks!
The white very ugly thing blinks!
The white very ugly thing appears confused.
The white very ugly thing blinks!
The tentacled monstrosity blinks!
The tentacled monstrosity loses its grip on you.
The fire giant blinks!
The white very ugly thing disappears!
The hell knight blinks!
The hell knight appears confused.
The ironbound preserver disappears!
The shadow dragon blinks!
You feel sick.
The ironbound preserver casts a spell.
The ironbound preserver begins to accept its allies' injuries.
The titan waves its arms in wide circles.
The air twists around and strikes you!
You die...

#....#
#(#....#.....# #
#(#....#......
#[#(#....#......
#[#.#.Q..#....
#..u.[[[.Cp...
#####[†§[§[..#####
......(§@§§[......
.....C§<)§<.......
......[[§§[[......
......(([[[)p.....
#####.)[[[..)#####
.........)[[.
...[[#....#Q...
..)).#....#.(##
..[..#....#..)#


You could see Sojobo (repels missiles), an ironbound preserver, a titan, a frost
giant (sheltered), a white very ugly thing (sheltered, confused), a tengu reaver
(sheltered) and a hell knight (sheltered, confused).

Vanquished Creatures
  Mara (Vaults:4)
  3 juggernauts (Depths:4)
  Margery (Vaults:4)
  Jory (Vaults:4)
  Nikola (Depths:2)
  5 golden dragons
  Jorgrun (Snake:3)
  9 tentacled monstrosities
  6 liches
  3 titans
  3 deep elf blademasters
  9 quicksilver dragons
  A deep elf master archer (Elf:3)
  Gastronok (Lair:3)
  Frances (Swamp:1)
  A sphinx (shapeshifter) (Depths:4)
  5 sphinxes
  7 tengu reavers
  2 thorn hunters (Swamp:4)
  2 storm dragons
  Roxanne (D:14)
  7 draconian monks (Depths:5)
  5 shadow dragons
  Donald (Vaults:4)
  5 fire giants
  A nagaraja (Snake:4)
  4 frost giants
  Aizul (Snake:2)
  A fenstrider witch (Swamp:4)
  6 deep elf sorcerers
  14 vault wardens
  A draconian scorcher (Depths:5)
  5 deep elf elementalists
  3 spectral caustic shrikes
  11 stone giants
  A spriggan defender (Depths:2)
  2 draconian annihilators (Depths:5)
  A war gargoyle (Vaults:4)
  24 ironbound preservers
  5 vampire knights
  21 very ugly things
  3 green draconians (Depths:5)
  Nessos (Lair:4)
  5 deep elf demonologists
  4 black draconians (Depths:5)
  8 purple draconians (Depths:5)
  5 spark wasps
  2 white draconians (Depths:5)
  6 deep elf annihilators
  2 entropy weavers (Vaults:5)
  5 red draconians (Depths:5)
  3 bunyips
  Azrael (D:13)
  6 dire elephants
  10 eleionomae
  2 crystal guardians (Vaults:4)
  A merfolk javelineer (Depths:4)
  27 slime creatures
  12 ettins
  8 deep elf death magi
  5 shambling mangroves
  10 great orbs of eyes
  16 yaktaur captains
  12 fire dragons
  14 ironbound thunderhulks
  13 ice dragons
  6 naga warriors
  A boulder beetle (shapeshifter) (Depths:4)
  2 rakshasas
  32 vault guards
  Erolcha (D:10)
  A peacekeeper (Vaults:4)
  6 deep elf high priests
  6 boulder beetles
  2 salamander tyrants (Snake:4)
  24 hydras
  7 anacondas
  2 catoblepae
  10 ironbound frosthearts
  2 ghost crabs (Swamp:4)
  A spriggan air mage (Depths:4)
  16 centaur warriors
  25 dancing weapons
  7 tengu warriors
  11 shock serpents
  14 death yaks
  15 alligators
  11 naga sharpshooters
  2 vampire magi
  4 deep troll shamans
  4 deep troll earth magi
  5 orc high priests (Orc:2)
  4 ironbound beastmasters
  2 spriggan berserkers (Depths:3)
  2 titan zombies (Vaults:4)
  Sonja (Lair:6)
  21 hell knights
  A titan skeleton (Vaults:3)
  21 deep elf knights
  Nergalle (Lair:3)
  A salamander mystic (Snake:3)
  5 iron trolls
  7 goliath frogs
  2 sea snakes (Snake:4)
  A torturous demonspawn (Depths:3)
  5 skeletal warriors
  4 spectral hydras (Swamp:4)
  A swamp dragon (shapeshifter) (Depths:2)
  2 death drakes
  48 deep trolls
  7 spriggan druids
  7 bog bodies
  20 ironbound convokers
  6 naga ritualists
  2 glowing orange brains (Depths:4)
  A flayed ghost (Depths:3)
  2 entropy weaver zombies
  An orange crystal statue (IceCv)
  2 phantasmal warriors (Vaults:5)
  9 deep elf archers
  Pikel (D:7)
  10 orc knights
  A harpy (Vaults:1)
  6 swamp dragons
  4 lindwurms
  15 wizards
  11 necromancers
  29 deep elf zephyrmancers
  A sphinx zombie (D:15)
  27 deep elf pyromancers
  2 orc sorcerers
  51 ugly things
  5 oklob plants
  8 mana vipers
  8 will-o-the-wisps
  4 manticores
  A faun (shapeshifter) (Vaults:5)
  A moth of wrath (shapeshifter) (Depths:4)
  A cyclops (shapeshifter) (Depths:5)
  A stone giant skeleton (D:15)
  An iron dragon skeleton (Vaults:4)
  3 cyclopes
  17 elephants
  A fire giant skeleton (D:15)
  13 naga magi
  A salamander (Snake:4)
  21 vault sentinels
  40 black mambas
  2 molten gargoyles (Lair:6)
  An elephant (shapeshifter) (Depths:4)
  7 guardian serpents
  A torpor snail (Lair:3)
  A gargoyle (D:13)
  4 storm dragon simulacra (IceCv)
  An unseen horror (D:13)
  14 cane toads
  An efreet (D:13)
  6 rime drakes
  A smoke demon (Depths:3)
  27 komodo dragons
  33 yaktaurs
  2 spriggan zombies (Depths:1)
  5 freezing wraiths
  A demonic crawler (Lair:2)
  8 golden dragon simulacra
  6 elf zombies
  A tormentor (Depths:3)
  A hellwing (Depths:3)
  2 ice devils (Depths:3)
  2 kobold demonologists (D:11)
  A guardian mummy (D:15)
  6 tengu conjurers
  3 death drake zombies (Swamp:4)
  6 trolls
  A queen bee (shapeshifter) (D:15)
  3 bloated husks
  5 hydra zombies (Swamp:4)
  A jumping spider (shapeshifter) (Elf:1)
  4 polar bears
  6 tyrant leeches
  A tyrant leech (shapeshifter) (Elf:1)
  A jumping spider (Vaults:5)
  14 hornets
  A merfolk (shapeshifter) (Vaults:5)
  Grinder (D:4)
  A hornet (shapeshifter) (Depths:4)
  A blink frog (shapeshifter) (D:15)
  2 dream sheep
  2 deep troll zombies
  An ettin zombie (D:15)
  2 blink frogs
  A meliai zombie (D:10)
  A redback (shapeshifter) (Vaults:4)
  6 spriggans
  10 water elementals
  4 air elementals
  17 wyverns
  2 wraiths (D:11)
  A yak (shapeshifter) (D:15)
  3 redbacks (Vaults:5)
  39 yaks
  8 fire elementals
  8 basilisks
  A vampire (D:13)
  8 fire bats (Volcano)
  Grum (D:8)
  A chaos spawn (Depths:3)
  Eustachio (D:4)
  14 vampire mosquitoes
  3 steam dragons
  3 large abominations (Elf:1)
  20 swamp worms
  42 nagas
  An acid dragon (shapeshifter) (Depths:3)
  An acid dragon (D:10)
  12 wargs
  2 hydra simulacra (Swamp:4)
  A floating eye (Depths:2)
  4 hell hounds (Lair:6)
  15 water moccasins
  A floating eye (shapeshifter) (Vaults:5)
  8 swamp drakes
  33 orc warriors
  A sky beast (D:8)
  A hornet zombie (D:6)
  3 black bears
  An ice beast (D:5)
  7 ice dragon simulacra (IceCv)
  A necrophage (D:5)
  A wolf (shapeshifter) (Depths:4)
  6 boggarts
  5 ogres
  4 lemures (D:7)
  10 wolves
  3 swamp dragon zombies (Swamp:4)
  18 centaurs
  A human skeleton (Vaults:4)
  3 kobold brigands
  4 earth elementals
  16 bullfrogs
  5 scorpions
  4 killer bees (D:9)
  2 wyvern skeletons (D:7)
  3 lindwurm simulacra (IceCv)
  4 howler monkeys
  4 electric eels
  10 wights
  A centaur zombie (D:7)
  13 lava snakes
  3 centaur skeletons (D:7)
  2 hounds
  29 orc priests
  Crazy Yiuf (D:5)
  2 gnoll shamans
  3 iguanas
  18 orc wizards
  11 hell rats (Lair:5)
  3 howler monkey zombies
  16 gnolls
  3 adders
  3 shadow imps
  3 white imps
  3 worms
  A dart slug (D:4)
  100 orcs
  13 ball pythons
  11 endoplasms
  5 giant cockroaches
  11 goblins
  8 hobgoblins
  4 jackals (Sewer)
  29 kobolds
  8 quokkas
  10 bats
  4 frilled lizards
  9 rats
  2 briar patches (Swamp:4)
  A fire vortex (Depths:5)
1960 creatures vanquished.

Vanquished Creatures (collateral kills)
  A merfolk javelineer (Depths:4)
  An ice dragon (Depths:5)
  An alligator (shapeshifter) (Vaults:4)
  2 deep trolls (Depths:4)
5 creatures vanquished.

Vanquished Creatures (others)
  A fire giant (Depths:2)
  A deep elf zephyrmancer (Elf:1)
  2 bloated husks
  A vampire mosquito (Swamp:2)
  A gnoll (shapeshifter) (Depths:4)
  36 fire vortices
  50 foxfires
  19 fungi
  114 plants
  7 withered plants (D:15)
232 creatures vanquished.

Grand Total: 2197 creatures vanquished

Notes
Turn   | Place    | Note
-------+----------+-------------------------------------------
     0 | D:1      | wakim the Deep Elf Conjurer began the quest for the Orb.
     0 | D:1      | Reached XP level 1. HP: 10/10 MP: 6/6
    72 | D:1      | Found Pedot's Magic Scroll Shoppe.
   173 | D:1      | Reached XP level 2. HP: 15/15 MP: 2/8
   358 | D:1      | Learned a level 2 spell: Searing Ray
   703 | D:1      | Reached skill level 5 in Conjurations
   738 | D:1      | Reached XP level 3. HP: 19/19 MP: 5/10
  1533 | D:2      | Reached XP level 4. HP: 24/24 MP: 7/11
  2064 | D:2      | Noticed a scorpion
  2068 | D:2      | Killed a scorpion
  2069 | D:2      | Reached XP level 5. HP: 27/28 MP: 4/14
  2358 | D:2      | Found a faded altar of an unknown god.
  3133 | D:3      | Reached skill level 5 in Spellcasting
  3422 | D:4      | Found a broken altar of Ashenzari.
  3710 | D:4      | Noticed Grinder
  3878 | D:4      | Reached XP level 6. HP: 32/32 MP: 12/15
  4486 | D:5      | Entered Level 5 of the Dungeon
  4552 | D:5      | Found a runed translucent door.
  4553 | D:5      | Noticed Crazy Yiuf
  4558 | D:5      | Killed Crazy Yiuf
  4650 | D:5      | Noticed an ice beast
  4677 | D:5      | Found a glowing drain.
  4733 | Sewer    | Entered a sewer
  5220 | Sewer    | Identified a scroll of acquirement
  5220 | Sewer    | Acquired a +1 pair of gloves of stealth
  5618 | D:5      | Reached XP level 7. HP: 36/36 MP: 10/16
  6026 | D:5      | Found a white marble altar of Elyvilon.
  6050 | D:5      | Reached skill level 1 in Fighting
  6468 | D:6      | Reached XP level 8. HP: 45/45 MP: 7/17
  6582 | D:6      | Found a staircase to the Ecumenical Temple.
  6591 | Temple   | Entered the Ecumenical Temple
  6914 | Temple   | Became a worshipper of Vehumet
  7304 | D:6      | Reached skill level 1 in Evocations
  7500 | D:6      | Found an iron altar of Okawaru.
  7513 | D:6      | Reached skill level 5 in Dodging
  7972 | D:4      | Killed Grinder
  8023 | D:4      | Noticed Eustachio
  8029 | D:4      | Killed Eustachio
  8084 | D:4      | Found an opulent altar of Gozag.
  8084 | D:4      | Found a sparkling altar of Nemelex Xobeh.
  8806 | D:7      | Noticed a cyclops
  8862 | D:7      | Noticed a troll
  8928 | D:7      | Noticed a seven-headed hydra
  9009 | D:7      | Noticed a troll
  9150 | D:6      | Killed a seven-headed hydra
  9151 | D:6      | Reached XP level 9. HP: 34/52 MP: 8/18
  9330 | D:7      | Reached skill level 5 in Evocations
  9405 | D:6      | Killed a troll
  9406 | D:6      | Reached skill level 5 in Fighting
  9521 | D:7      | Noticed a four-headed hydra
  9982 | D:6      | Killed a four-headed hydra
 10297 | D:7      | Found the +2 robe of Vines {NoPotionHeal Regen+++}
 10309 | D:7      | Killed a troll
 10310 | D:7      | Reached skill level 5 in Translocations
 10310 | D:7      | Reached XP level 10. HP: 49/60 MP: 11/19
 10512 | D:7      | Noticed Pikel
 10522 | D:7      | Killed Pikel
 10685 | D:7      | Reached * piety under Vehumet
 10685 | D:7      | Offered knowledge of Freeze by Vehumet.
 10762 | D:7      | Found a large runed translucent door.
 10770 | D:7      | Found a large runed translucent door.
 11037 | D:7      | Killed a cyclops
 11038 | D:7      | Reached skill level 10 in Conjurations
 11303 | D:7      | Found a snail-covered altar of Cheibriados.
 11306 | D:7      | Found a bloodstained altar of Trog.
 11387 | D:8      | Learned a level 3 spell: Ozocubu's Armour
 11483 | D:8      | Found a staircase to the Lair.
 11490 | D:8      | Reached skill level 1 in Ice Magic
 11732 | D:8      | Noticed Grum
 11750 | D:8      | Killed Grum
 11752 | D:8      | Reached ** piety under Vehumet
 12011 | D:8      | Offered knowledge of Static Discharge by Vehumet.
 12632 | D:9      | Reached XP level 11. HP: 64/64 MP: 16/22
 13246 | D:9      | Found Qyitit's Antique Weapon Emporium.
 13263 | D:9      | Reached skill level 5 in Ice Magic
 13284 | D:9      | Offered knowledge of Mephitic Cloud by Vehumet.
 13336 | D:9      | Reached *** piety under Vehumet
 13506 | D:9      | Found a staircase to the Orcish Mines.
 13700 | D:10     | Entered Level 10 of the Dungeon
 14122 | D:10     | Found Biunatoc's General Store.
 14136 | D:10     | Found a blossoming altar of Fedhas.
 14150 | D:10     | Learned a level 4 spell: Olgreb's Toxic Radiance
 14284 | D:10     | Offered knowledge of Frozen Ramparts by Vehumet.
 14374 | D:10     | Noticed Erolcha
 14392 | D:10     | Learned a level 3 spell: Frozen Ramparts
 14402 | D:10     | Killed Erolcha
 14403 | D:10     | Reached skill level 1 in Shields
 14403 | D:10     | Reached skill level 1 in Poison Magic
 14674 | Lair:1   | Entered Level 1 of the Lair of Beasts
 15888 | Lair:1   | Noticed a four-headed hydra
 15894 | Lair:1   | Killed a four-headed hydra
 16047 | Lair:2   | Reached **** piety under Vehumet
 16126 | Lair:2   | Offered knowledge of Yara's Violent Unravelling by Vehumet.
 16153 | Lair:2   | Noticed a four-headed hydra
 16207 | Lair:2   | Reached XP level 12. HP: 70/70 MP: 4/27
 16231 | Lair:2   | Identified the +4 great sword of Amorality {protect, *Noise
                  | rElec rPois Will+++}
 16313 | Lair:2   | Killed a four-headed hydra
 16400 | Lair:2   | Found a dark tunnel.
 16420 | Volcano  | Entered a volcano
 16651 | Volcano  | Reached skill level 5 in Shields
 16795 | Volcano  | Noticed a centaur warrior
 16811 | Volcano  | Reached skill level 5 in Poison Magic
 16854 | Volcano  | Killed a centaur warrior
 16979 | Volcano  | Found a burning altar of Makhleb.
 17342 | Lair:2   | Learned a level 5 spell: Freezing Cloud
 17496 | Lair:3   | Noticed Nergalle
 17496 | Lair:3   | Noticed Gastronok
 17504 | Lair:3   | Killed Nergalle
 17505 | Lair:3   | Reached skill level 1 in Air Magic
 17510 | Lair:3   | Killed Gastronok
 17716 | Lair:3   | Reached ***** piety under Vehumet
 17959 | Lair:3   | Reached skill level 10 in Ice Magic
 18023 | Lair:3   | Offered knowledge of Orb of Destruction by Vehumet.
 18107 | Lair:3   | Found a staircase to the Swamp.
 18121 | Lair:3   | Reached XP level 13. HP: 71/74 MP: 22/28
 19165 | Lair:4   | Noticed Nessos
 19171 | Lair:4   | Killed Nessos
 19527 | Lair:4   | Learned a level 7 spell: Orb of Destruction
 19708 | Lair:4   | Found a staircase to the Snake Pit.
 19877 | Lair:4   | You fall into a shaft and drop 2 floors!
 19877 | Lair:6   | Entered Level 6 of the Lair of Beasts
 20121 | Lair:6   | Offered knowledge of Starburst by Vehumet.
 20122 | Lair:6   | Reached skill level 5 in Air Magic
 20311 | Lair:6   | Reached skill level 10 in Translocations
 20367 | Lair:6   | Learned a level 6 spell: Starburst
 20476 | Lair:6   | Reached XP level 14. HP: 80/80 MP: 3/29
 20986 | Lair:6   | Reached skill level 1 in Armour
 20986 | Lair:6   | Reached skill level 1 in Fire Magic
 21173 | Lair:6   | Noticed Sonja
 21238 | Lair:6   | Reached skill level 1 in Long Blades
 21438 | Lair:6   | Found a large runed translucent door.
 21770 | Lair:6   | Found a large runed translucent door.
 22174 | Lair:5   | Offered knowledge of Spellforged Servitor by Vehumet.
 22790 | Lair:5   | Acquired 940 gold pieces
 24684 | Lair:5   | Found a staircase to the Slime Pits.
 25435 | Lair:6   | Killed Sonja
 25573 | Lair:6   | Reached XP level 15. HP: 88/88 MP: 20/30
 25862 | Orc:1    | Entered Level 1 of the Orcish Mines
 26089 | Orc:2    | Entered Level 2 of the Orcish Mines
 26101 | Orc:2    | Found Xoerch's CLEARANCE SALE! EVERYTHING MUST GO!.
 26121 | Orc:2    | Bought a scroll of acquirement for 260 gold pieces
 26121 | Orc:2    | Acquired the ring "Afigyina" {rF+ rN+++ Str+6 SInv Stlth-}
 26182 | Orc:2    | Found a staircase to the Elven Halls.
 26231 | Orc:2    | Offered knowledge of Iskenderun's Battlesphere by Vehumet.
 26886 | Orc:2    | Reached skill level 10 in Dodging
 27169 | Orc:2    | Found Susup's Weapon Shoppe.
 27691 | Orc:2    | HP: 2/88 [orc warrior (4)]
 27949 | Orc:2    | Reached skill level 5 in Fire Magic
 27979 | Orc:2    | Found Reanewki's General Store.
 27979 | Orc:2    | Found Emubu's Antique Armour Shop.
 27987 | Orc:2    | Found Yvvem's Assorted Antiques.
 27987 | Orc:2    | Found Kegu's Antique Weapon Boutique.
 27994 | Orc:2    | Bought a scroll of blinking for 97 gold pieces
 27995 | Orc:2    | Bought a scroll labelled WICIS OLYOS for 27 gold pieces
 27995 | Orc:2    | Bought a bubbling black potion for 24 gold pieces
 28002 | Orc:2    | Bought a bone whip for 187 gold pieces
 28002 | Orc:2    | Identified the +6 whip "Vatteinocw" {drain, rCorr} (You
                  | bought it in a shop on level 2 of the Orcish Mines)
 28006 | Orc:2    | Bought the +5 scale mail "Qumies" {rF++ rC++ Regen+} for
                  | 923 gold pieces
 28346 | D:1      | Bought a scroll of acquirement for 520 gold pieces
 28659 | Orc:2    | Acquired a +2 hat of see invisible
 28956 | D:11     | Identified the +4 flail "Undertaker" {vamp, rElec}
 29107 | D:11     | Offered knowledge of Fireball by Vehumet.
 29713 | D:12     | Found a broken altar of Ashenzari.
 31285 | D:13     | Noticed Azrael
 31292 | D:13     | Killed Azrael
 31759 | D:13     | Reached skill level 5 in Long Blades
 31811 | D:13     | Found a gate to the Vaults.
 31993 | D:13     | Found an ornate altar of the Wu Jian Council.
 32154 | D:14     | Acquired the Collected Works on Attacks
 32162 | D:14     | Noticed Roxanne
 32259 | D:14     | Acquired the +8 trident of the Octopus King {venom, rElec
                  | rPois Will+}
 32260 | D:14     | Found the +8 trident of the Octopus King {venom, rElec
                  | rPois Will+}
 32647 | D:14     | Found a white marble altar of Elyvilon.
 32647 | D:14     | Found a glowing golden altar of the Shining One.
 32648 | D:14     | Found a glowing silver altar of Zin.
 32941 | D:14     | Killed Roxanne
 32942 | D:14     | Reached XP level 16. HP: 85/96 MP: 11/31
 33002 | D:15     | Entered Level 15 of the Dungeon
 33102 | D:15     | Found an opulent altar of Gozag.
 33192 | D:15     | Reached skill level 5 in Armour
 33376 | D:15     | Got Roxanne's Tome of Earth and Transmigration
 33384 | D:15     | Found a staircase to the Depths.
 34412 | Swamp:1  | Entered Level 1 of the Swamp
 34499 | Swamp:1  | Noticed Frances
 34507 | Swamp:1  | Killed Frances
 34680 | Swamp:1  | Reached skill level 10 in Fighting
 34685 | Swamp:1  | Offered knowledge of Eringya's Noxious Bog by Vehumet.
 36809 | Swamp:3  | Reached XP level 17. HP: 102/102 MP: 19/32
 36906 | Swamp:3  | Identified the +1 robe of the Loofah {Will+++ Str+6 Int-5
                  | Dex-2}
 37066 | Swamp:4  | Entered Level 4 of the Swamp
 37465 | Swamp:4  | Identified the +5 scale mail of Amorality {rElec Str+4
                  | Int-5}
 37594 | Swamp:4  | Offered knowledge of Ignition by Vehumet.
 37899 | Swamp:4  | Reached skill level 10 in Spellcasting
 38801 | Swamp:4  | Reached skill level 10 in Fire Magic
 38867 | Swamp:4  | Found a basalt altar of Yredelemnul.
 39011 | Swamp:4  | Found a blossoming altar of Fedhas.
 39101 | Swamp:4  | Got a decaying rune of Zot
 39165 | Swamp:4  | Acquired the ring of Canuuke {rC+ rCorr Dex+4}
 39485 | D:1      | Bought a scroll of fear for 35 gold pieces
 39485 | D:1      | Bought a scroll of teleportation for 30 gold pieces
 39494 | D:1      | Learned a level 8 spell: Ignition
 39501 | D:1      | Learned a level 6 spell: Dispersal
 39719 | Snake:1  | Entered Level 1 of the Snake Pit
 39795 | Snake:1  | Reached ****** piety under Vehumet
 39874 | Snake:1  | Offered knowledge of Shatter by Vehumet.
 39874 | Snake:1  | Offered knowledge of Chain Lightning by Vehumet.
 39874 | Snake:1  | Offered knowledge of Polar Vortex by Vehumet.
 40542 | Snake:2  | Noticed Aizul
 40655 | Snake:2  | Found Tadiar's Magic Scroll Shoppe.
 40655 | Snake:2  | Found Qowyxt's Assorted Antiques.
 40663 | Snake:2  | Bought a scroll of fog for 34 gold pieces
 40663 | Snake:2  | Bought a scroll of fear for 59 gold pieces
 40663 | Snake:2  | Bought a scroll of blinking for 127 gold pieces
 40692 | Snake:2  | Killed Aizul
 41290 | Snake:2  | Reached XP level 18. HP: 107/107 MP: 28/36
 42960 | Snake:3  | Noticed Jorgrun
 42973 | Snake:3  | Killed Jorgrun
 43316 | Snake:4  | Entered Level 4 of the Snake Pit
 44328 | Snake:4  | Reached skill level 15 in Conjurations
 45052 | Snake:4  | Got a serpentine rune of Zot
 45714 | Depths:1 | Entered Level 1 of the Depths
 45911 | Depths:1 | Found a one-way gate to the infinite horrors of the Abyss.
 46409 | Depths:1 | Found a hazy altar of Hepliaklqana.
 46549 | Depths:1 | Reached XP level 19. HP: 112/112 MP: 26/39
 46713 | Depths:1 | Found a gateway to Hell.
 47054 | Depths:2 | Paralysed by a floating eye for 3 turns
 47140 | Depths:2 | Found an ancient bone altar of Kikubaaqudgha.
 47209 | Depths:2 | Reached skill level 15 in Spellcasting
 47276 | Depths:2 | Noticed Nikola
 47300 | Depths:2 | Killed Nikola
 47873 | Depths:2 | Found a gateway to a ziggurat.
 48570 | Depths:3 | Reached skill level 15 in Fire Magic
 49725 | Depths:3 | Found a one-way gate leading to the halls of Pandemonium.
 49754 | Depths:3 | Reached XP level 20. HP: 77/117 MP: 13/41
 50396 | Depths:3 | Found the +3 pair of seven-league boots {Rampage+∞}
 50513 | Depths:4 | Found a runed translucent door.
 50513 | Depths:4 | Noticed a golden dragon
 50578 | Depths:4 | Found Laisebb's Armour Shoppe.
 50718 | Depths:4 | Noticed a juggernaut
 50996 | Vaults:1 | Entered Level 1 of the Vaults
 51132 | Vaults:1 | Found Bidel's Assorted Antiques.
 52716 | Vaults:1 | Found the +13 scythe of Curses {drain, Drain}
 52768 | Vaults:1 | Identified the +0 ring mail of Knowledge {rElec}
 52850 | Vaults:1 | Learned a level 9 spell: Fire Storm
 53362 | Vaults:2 | Learned a level 4 spell: Olgreb's Toxic Radiance
 53366 | Vaults:2 | Learned a level 3 spell: Ignite Poison
 53567 | Vaults:2 | Learned a level 2 spell: Poisonous Vapours
 53907 | Vaults:2 | Reached XP level 21. HP: 112/122 MP: 30/44
 53934 | Vaults:2 | Found a staircase to the Crypt.
 54978 | Vaults:3 | Found Anealo's Antique Armour Boutique.
 54988 | Vaults:3 | Bought an opal-encrusted ring mail for 288 gold pieces
 54988 | Vaults:3 | Identified the +1 ring mail of the Accordion {+Inv Regen+
                  | MP+9} (You bought it in a shop on level 3 of the Vaults)
 55487 | Vaults:3 | Noticed Mennas
 57022 | Elf:1    | Entered Level 1 of the Elven Halls
 57022 | Elf:1    | Found Ukunumon's Weapon Shoppe.
 57142 | Elf:1    | Paralysed by an air elemental for 1 turns
 57237 | Elf:1    | Found a frozen archway.
 57257 | IceCv    | Entered an ice cave
 57612 | IceCv    | Noticed a golden dragon
 57619 | IceCv    | Killed a golden dragon
 57660 | IceCv    | Identified the ring "Luaxtor" {rN+ rCorr Slay-2 Stlth+}
 57994 | Elf:1    | Found Enisch's Antique Armour Emporium.
 58002 | Elf:1    | Bought a fine helmet for 285 gold pieces
 58002 | Elf:1    | Identified the +1 helmet of the Ant {rC++ Dex+4} (You
                  | bought it in a shop on level 1 of the Elven Halls)
 58162 | Elf:1    | Found Puqabb's Antique Armour Boutique.
 58170 | Elf:1    | Bought a pair of runed gloves for 277 gold pieces
 58210 | Elf:1    | Got the Compendium of Necromancy
 58513 | Elf:1    | Reached XP level 22. HP: 127/127 MP: 46/46
 58910 | Elf:1    | Found Vaskask's Assorted Antiques.
 58918 | Elf:1    | Bought a potion of heal wounds for 135 gold pieces
 58918 | Elf:1    | Bought 2 potions of brilliance for 216 gold pieces
 58984 | Elf:2    | Found Puem's Assorted Antiques.
 59172 | Elf:2    | Found a runed translucent gate.
 59172 | Elf:2    | Found a runed translucent gate.
 59172 | Elf:2    | Found a runed translucent gate.
 60294 | Elf:3    | Entered Level 3 of the Elven Halls
 60655 | Elf:3    | Paralysed by an air elemental for 1 turns
 60658 | Elf:3    | Paralysed by an air elemental for 1 turns
 60739 | Elf:3    | Found Hostu's Antique Weapon Emporium.
 61705 | Elf:3    | Identified the +0 ring mail of Iboic {rPois Str+4 Dex-2}
 61800 | Elf:3    | Identified the amulet "Ytouca Deno" {Regen+ Int+2}
 61823 | Elf:3    | Identified the +10 trident "Riydexae" {protect, rF+}
 61823 | Elf:3    | Identified the +4 plate armour of the Game of Kings {rC+}
 61823 | Elf:3    | Identified the ring "Ecsats" {rF+ rN+}
 61878 | Elf:3    | Got the Incunabulum of Fire
 61881 | Elf:3    | Got the Incunabulum of Flight
 61888 | Elf:3    | Identified the +8 falchion "Poen" {elec, Will+}
 62549 | Depths:4 | Killed a golden dragon
 62579 | Depths:4 | Killed a juggernaut
 62867 | Depths:4 | Noticed a juggernaut
 62872 | Depths:4 | Killed a juggernaut
 62873 | Depths:4 | Reached XP level 23. HP: 132/132 MP: 7/48
 62958 | Depths:4 | Found Ijaykuips's Magic Scroll Shop.
 62965 | Depths:4 | Bought a scroll of teleportation for 33 gold pieces
 62965 | Depths:4 | Bought a scroll of magic mapping for 38 gold pieces
 62965 | Depths:4 | Bought a scroll of blinking for 82 gold pieces
 62987 | Depths:4 | Found Kehyig's Weapon Shoppe.
 63415 | Depths:4 | Noticed a juggernaut
 63422 | Depths:4 | Identified the ring of Alanosawka {Fire Str+2 Int+4 Dex+2}
 63428 | Depths:4 | Identified the +7 scale mail of the Valley {rF+++ MP+9
                  | Int-2 Stlth+}
 63537 | Depths:4 | Killed a juggernaut
 64173 | Depths:4 | Found Pasam's Distillery.
 64380 | Depths:4 | Found Ackou's Book Emporium.
 64391 | Depths:4 | Learned a level 2 spell: Blink
 64556 | Depths:5 | Entered Level 5 of the Depths
 64568 | Depths:4 | Reached skill level 1 in Transmutations
 64810 | Depths:5 | Identified the +2 leather armour of Misaumos {rC+}
 65070 | Depths:5 | Found a shadowy altar of Dithmenos.
 65615 | Depths:5 | Identified the +8 quarterstaff of the Sixty-Six Tables
                  | {flame, Str+3 SInv}
 66219 | Depths:5 | Identified the +7 spear "Baoroc" {venom, Int+3}
 66231 | Depths:5 | Reached skill level 5 in Transmutations
 66233 | Depths:5 | Identified the amulet "Gusev" {Acrobat Harm Fragile +Inv
                  | Slay+5}
 66299 | Depths:5 | Reached skill level 10 in Poison Magic
 66317 | Depths:5 | Reached XP level 24. HP: 116/137 MP: 14/49
 66581 | Depths:4 | Bought a potion of haste for 220 gold pieces
 66581 | Depths:4 | Bought a potion of curing for 66 gold pieces
 66581 | Depths:4 | Bought a potion of curing for 66 gold pieces
 66996 | Depths:5 | Found a gate to the Realm of Zot.
 67950 | Vaults:4 | Found Ocyufuro's Antique Weapon Boutique.
 68141 | Vaults:4 | Noticed Jory
 68148 | Vaults:4 | Killed Jory
 68423 | Vaults:4 | Noticed Donald
 68425 | Vaults:4 | Killed Donald
 69699 | Vaults:5 | Entered Level 5 of the Vaults
 69704 | Vaults:5 | Reached skill level 15 in Dodging
 69753 | Vaults:5 | Noticed Mara
 69758 | Vaults:5 | Noticed Margery
 69760 | Vaults:5 | Noticed wakim's illusion
 69765 | Vaults:4 | Noticed wakim's illusion
 69886 | Vaults:4 | Killed Mara
 69887 | Vaults:4 | Reached XP level 25. HP: 139/144 MP: 37/49
 69922 | Vaults:5 | Identified the +5 lajatang of the Twenty Deaths {vorpal,
                  | +Rage rElec}
 70166 | Vaults:4 | Killed Margery
 70295 | Vaults:5 | Noticed Sojobo
 70296 | Vaults:5 | HP: 7/145 [ironbound preserver (1)]
 70297 | Vaults:5 | Killed from afar by a titan

Illustrated notes

Levels and vault maps discovered:
D:1:      ncdulo_smallfort, layout_basic, serial_shops, shop_statue,
          minmay_vboxes
D:2:      layout_basic, serial_curves, eino_curves_02, eino_curves_02,
          hellmonk_ecumenical_altar_heavens_door, minmay_goblin_kobold_house
D:3:      layout_basic, minmay_strange_pillars, hangedman_decor_slide_cut
D:4:      kennysheep_kobold_camp, layout_cave_pools,
          grunt_temple_overflow_opulence, amcnicky_altar_gilded, minmay_cut_off,
          uniq_grinder, uniq_eustachio
D:5:      layout_rooms, elyvilon_altar_5, cheibrodos_sewer_entry_drain,
          uniq_crazy_yiuf_cottage
D:6:      layout_basic, kennysheep_okawaru_gauntlet, minmay_temple_entry_grid,
          nrook_campfire, kennysheep_small_square
D:7:      minmay_clustersquares, layout_basic, jmf_multi_god_temple2,
          serial_bayou_pond_d, hellmonk_guarded_unrand_vines, uniq_pikel
D:8:      layout_basic, erik_lair_orcish_takeover, uniq_grum
D:9:      layout_rooms, hiddenorc2_lemuel, serial_shops, nicolae_shop_trees,
          roderic_roman_lattice, chequers_serial_rivers_large_b,
          serial_bayou_lagoon_a
D:10:     layout_rooms, old_standard_altar, serial_shops, shop, uniq_erolcha
D:11:     layout_cave_pools
D:12:     layout_irregular_city, nicolae_ashenzari_skybound
D:13:     layout_rooms, skrybe_vaults_entry_preservation,
          nicolae_wu_jian_immortal_techniques, uniq_azrael
D:14:     layout_roguey, good_gods_mini_temple, hex_medium, uniq_roxanne
D:15:     gammafunk_depths_entry_grave, layout_irregular_city,
          grunt_gozag_statues
Temple:   minmay_temple_curvy_branch
Lair:1:   layout_regular_city, beast_lair_carwin_10, infiniplex_staircase_pool
Lair:2:   layout_cave_shapes, enter_volcano_2, minivault_27, st_stairs_12,
          minmay_stone_trees_medium, worms_lemuel
Lair:3:   layout_roguey, nicolae_swamp_entry_splash_gauntlet, nzn_random_ring,
          serial_bayou_shore_b, minmay_lair_oklob_chamber, uniq_nergalle,
          uniq_gastronok
Lair:4:   wander_river, layout_hall_layers, guppyfry_snake_entry_island,
          beast_lair_carwin_7, uniq_nessos
Lair:5:   nzn_winding_woodlands_stair_trap [nzn_winding_woodlands_5x15_eye,
          nzn_winding_woodlands_5x15_pockets, nzn_winding_woodlands_5x15_twine,
          nzn_winding_woodlands_15x15_thick_spiral,
          nzn_winding_woodlands_5x15_pathside_ponds,
          nzn_winding_woodlands_5x15_default,
          nzn_winding_woodlands_5x15_default], layout_cave_pods, slime_dummy,
          special_room [special_room_mythical_zoo],
          chequers_serial_rivers_large_a, nicolae_quartered_pool_super
Lair:6:   cheibrodos_lair_end_hotspot, layout_regular_city,
          hangedman_lair_generics_rect, uniq_sonja
Swamp:1:  nicolae_swamp_wrong_neighborhood, layout_basic_swamp,
          evilmike_swamp_ruin_house_5, swamp_pool1, uniq_frances
Swamp:2:  layout_basic_swamp, evilmike_swamp_ruin_house_3
Swamp:3:  layout_basic_swamp, evilmike_swamp_ruin_house_4,
          infiniplex_staircase_pool_2
Swamp:4:  byrel_swamp_growth_death_and_undeath, layout_basic_swamp, swamp_pool1,
          nicolae_swamp_spooky_pond
Snake:1:  layout_rooms, fake_guardian_serpent_vault
Snake:2:  layout_layer_cave, grunt_ministairs_7, minmay_shoptagon, uniq_aizul
Snake:3:  layout_gridlike, uniq_jorgrun
Snake:4:  hellmonk_snake_rune_quicksilver_temple, layout_misc_corridors,
          grunt_megastairs_3, serial_bayou_shore_a
Orc:1:    layout_caves
Orc:2:    st_orc_pillars, layout_diamond_mine, serial_shops, shop,
          nicolae_shop_clearance
Elf:1:    layout_geoelf_diagonals, portal_ice_cave_entry_pillars_four,
          serial_shops, nicolae_diamond_shop,
          nicolae_shop_competitors_out_of_business, shop, shop,
          minmay_elf_necromancy, hangedman_elf_represent
Elf:2:    elven_hall_of_blades_hangedman_original [mumra_blade_entry_bloodbath],
          layout_loops_cross, serial_shops, nicolae_stop_n_shop_1
Elf:3:    minmay_elf_hall_dome, layout_geoelf_diagonals, serial_shops, shop
Vaults:1: vaults_dpeg_hooks, vaults_room_grunt_arrival_ludios,
          vaults_room_pools, hangedman_vaults_cutoff,
          nicolae_vaults_specimen_jars, vaults_mumra_hex, hangedman_vaults_trim,
          grunt_vaults_twisty, layout_vaults_omnigrid, serial_shops, shop
Vaults:2: nicolae_vaults_network_square, ontoclasm_vaults_fault, v_rooms_2,
          grunt_vaults_diagonal, v_misc_4, v_alt_pattern_1,
          nicolae_vaults_ninety_degrees, st_diamondy,
          vaults_standard_mumra_enter_the_diamond,
          minmay_crypt_entry_nasty_monster, v_misc_19,
          grunt_vaults_hallway_short, vaults_room_corners, layout_vaults_ring
Vaults:3: nicolae_vaults_circle_grid_b, ontoclasm_vaults_ring_large,
          vaults_room_stairs_pillars, vaults_mumra_minichess, v_pattern_5,
          nicolae_vaults_display_case, v_misc_33, v_rooms_4, v_rooms_4,
          vaults_room_door_ring, hangedman_vaults_nails,
          nicolae_vaults_little_squares_4, layout_vaults_omnibox, serial_shops,
          nicolae_lakefront_shop, uniq_mennas
Vaults:4: ontoclasm_vaults_hangar, nicolae_vaults_network_s, st_check,
          nicolae_vaults_little_squares_2, v_misc_2, v_misc_22,
          dpeg_vaults_monster_row, layout_vaults_chaotic_city, serial_shops,
          shop, uniq_jory, uniq_donald
Vaults:5: uniq_margery, uniq_mara, uniq_sojobo
Depths:1: layout_cave_pools, hangedman_geh_valley, abyss_entry, minivault_22,
          minmay_crystal_water, nzn_hepliaklqana_mist_gate
Depths:2: minmay_textured_paths, layout_gridlike, enter_ziggurat_c,
          nicolae_kikubaaqudgha_miasma_corner, grunt_metal_band, uniq_nikola
Depths:3: kennysheep_bubble_arena, layout_cave_shapes, hell_entry,
          kennysheep_minor_cross, grunt_pan_entry_spiral, firewood_loft,
          infiniplex_staircase_trident
Depths:4: minmay_tile_spiral, layout_gridlike, minmay_misc_feat_nine_boxes,
          pf_coc_iceberg, abyss_entry_glasseish, serial_shops, shop,
          nicolae_take_the_stairs, nicolae_stop_n_shop_2, shop, shop_statue,
          chequers_serial_rivers_room_a, st_stairs_8, minmay_crystal_box
Depths:5: lemuel_castle_with_subvaults [lemuel_castle_interior_carwin_2],
          layout_basic, abyss_entry, nicolae_dithmenos_the_darkroom,
          pf_hell_entry_tar_river

Skill      XL: |  1  2  3  4  5  6  7  8  9 10 11 12 13 14 15 16 17 18 19 20 21 22 23 24 25 |
---------------+----------------------------------------------------------------------------+-----
Stealth        | 3 4 |  4.0
Conjurations   | 5 6 8 9 11 12 13 14 15 16 18 19 21 | 21.9
Spellcasting   | 4 5 6 9 12 14 15 17 18 19 20 | 20.6
Fighting       | 2 4 5 6 7 9 10 11 | 11.3
Dodging        | 4 7 9 11 12 14 15 | 15.7
Evocations     | 4 6 7 |  7.0
Translocations | 2 5 7 10 11 13 | 13.0
Ice Magic      | 3 7 10 12 | 12.0
Shields        | 4 5 6 |  6.4
Poison Magic   | 3 6 8 10 11 | 11.8
Air Magic      | 2 6 |  6.0
Armour         | 4 8 9 |  9.8
Fire Magic     | 4 6 9 10 13 15 17 18 20 21 | 21.5
Long Blades    | 3 5 6 |  6.0
Transmutations | 5 8 9 |  9.1

Action                   |  1- 3 |  4- 6 |  7- 9 | 10-12 | 13-15 | 16-18 | 19-21 | 22-24 | 25-27 || total
-------------------------+-------+-------+-------+-------+-------+-------+-------+-------+-------++-------
Melee: Short sword       |       |     5 |    12 |    39 |       |       |       |       |       ||    56
       Staff             |       |       |       |    11 |       |       |       |       |       ||    11
       Great sword       |       |       |       |     2 |   163 |   158 |   139 |   177 |       ||   639
       Whip              |       |       |       |       |       |       |     4 |       |       ||     4
       Trident           |       |       |       |       |       |       |       |    59 |     2 ||    61
       Spear             |       |       |       |       |       |       |       |     3 |       ||     3
 Cast: Magic Dart        |    12 |       |     7 |     2 |       |       |       |       |       ||    21
       Searing Ray       |    28 |    73 |    64 |   167 |   226 |   281 |   126 |       |       ||   965
       Frozen Ramparts   |       |       |       |    25 |    49 |    33 |    37 |       |       ||   144
       Ozocubu's Armour  |       |       |       |    20 |    59 |    57 |    51 |     8 |       ||   195
       Olgreb's Toxic Ra |       |       |       |     8 |     2 |       |    82 |   113 |     8 ||   213
       Freezing Cloud    |       |       |       |       |   108 |   107 |    80 |    17 |     2 ||   314
       Starburst         |       |       |       |       |    43 |   116 |    44 |     6 |       ||   209
       Orb of Destructio |       |       |       |       |    24 |    85 |    93 |   161 |     2 ||   365
       Dispersal         |       |       |       |       |       |     1 |     5 |     2 |     2 ||    10
       Ignition          |       |       |       |       |       |       |   105 |   134 |     4 ||   243
       Ignite Poison     |       |       |       |       |       |       |    56 |    93 |     2 ||   151
       Fire Storm        |       |       |       |       |       |       |       |    31 |     3 ||    34
Evoke: Wand              |       |       |       |     3 |     3 |       |       |       |       ||     6
  Use: Scroll            |     3 |    10 |     5 |     9 |    10 |    12 |     9 |     2 |       ||    60
       Potion            |       |     1 |     2 |     1 |       |    12 |     6 |     5 |       ||    27
Armor: Robe              |     2 |    10 |     2 |   141 |   201 |       |       |       |       ||   356
       Leather armour    |       |       |    36 |       |       |       |       |       |       ||    36
       Scale mail        |       |       |       |       |    81 |   745 |   333 |   302 |    22 ||  1483
Dodge: Dodged            |     5 |    21 |    66 |   237 |   392 |   682 |   422 |   367 |    36 ||  2228
Block: Buckler           |       |       |       |    21 |       |       |       |       |       ||    21
       Rpst.: Great sword |       |       |       |    14 |    98 |   129 |    71 |    55 |       ||   367

Table legend: (Time is in decaauts)
 A = Elapsed time spent in this place.
 B = Non-inter-level travel time spent in this place.
 C = Inter-level travel time spent in this place.
 D = Time resting spent in this place.
 E = Time spent auto-exploring this place.
 F = Levels seen in this place.
 G = Mean time per level.
                   A        B        C        D        E       F      G
               +--------+--------+--------+--------+--------+-----+--------+
         Total |  71347 |  64824 |   6523 |   4998 |  46476 |  48 | 1486.4 |
       Dungeon |  20565 |  17618 |   2947 |    523 |  14115 |  15 | 1371.0 |
        Temple |    368 |    345 |     23 |      0 |    310 |   1 |  368.0 |
          Lair |  11220 |  10174 |   1046 |    275 |   7860 |   6 | 1870.0 |
         Swamp |   5226 |   4823 |    403 |    690 |   2851 |   4 | 1306.5 |
     Snake Pit |   5762 |   5429 |    333 |    359 |   4003 |   4 | 1440.5 |
  Orcish Mines |   2679 |   2195 |    484 |    286 |   1413 |   2 | 1339.5 |
   Elven Halls |   4609 |   4497 |    112 |    399 |   2957 |   3 | 1536.3 |
        Vaults |   8685 |   8206 |    479 |    887 |   5546 |   5 | 1737.0 |
        Depths |  10150 |   9456 |    694 |   1340 |   6040 |   5 | 2030.0 |
         Sewer |   1011 |   1011 |      0 |      0 |    843 |   1 | 1011.0 |
      Ice Cave |    485 |    485 |      0 |     89 |    231 |   1 |  485.0 |
       Volcano |    581 |    581 |      0 |    150 |    306 |   1 |  581.0 |
               +--------+--------+--------+--------+--------+-----+--------+

Top non-repeatable levels by time:
  Lair:6: 2761 daAuts
  Lair:5: 2684 daAuts
Vaults:4: 2678 daAuts
     D:6: 2586 daAuts
Depths:5: 2529 daAuts
Depths:4: 2452 daAuts
Depths:3: 2253 daAuts
Vaults:1: 2047 daAuts
Vaults:2: 2046 daAuts
  Lair:3: 1975 daAuts
   Orc:2: 1929 daAuts
 Swamp:4: 1926 daAuts
 Snake:4: 1926 daAuts
Depths:2: 1923 daAuts
Vaults:3: 1869 daAuts
